Map: 2000 Atmospheres LE

Players

Strange - Winner!

  • Race: Protoss Protoss
  • League: Master

DnS

  • Race: Protoss Protoss
  • League: Master

Event: DreamHack SC2 Masters 2021 Summer

VOD

Have the link to the VOD?

Description

Time

  • Played on: May 27, 2021, 2:25 p.m.
  • Length: 12:42

All games in this series

Show
View Real Time Build Order
Export as new Build Order

Strange Protoss - Winner!

Build Orders: Phoenix Opening 

Get SALT Encoding   

  12  0:00  Probe  
  13  0:12  Probe  
  14  0:17  Pylon  
  14  0:24  Probe (Chrono Boost)  
  16  0:37  Probe (Chrono Boost), Gateway  
  16  0:42  Probe (Chrono Boost)  
  16  0:45  Assimilator  
  17  0:51  Probe  
  17  0:54  Assimilator  
  18  1:03  Probe (Chrono Boost)  
  19  1:07  Gateway  
  19  1:13  Probe (Chrono Boost)  
  19  1:18  Probe (Chrono Boost)  
  20  1:24  Cybernetics Core  
  21  1:29  Probe  
  22  1:35  Pylon  
  22  1:41  Probe  
  23  1:54  Probe  
  24  2:01  Sentry, Stalker  
  28  2:02  Warp Gate  
  28  2:06  Probe  
  29  2:11  Pylon  
  29  2:18  Probe  
  30  2:24  Pylon  
  30  2:29  Stalker  
  32  2:32  Sentry  
  32  2:36  Phoenix  
  34  2:50  Nexus  
  34  2:56  Shield Battery  
  34  2:59  Probe (Chrono Boost)  
  35  3:08  Pylon  
  35  3:09  Probe (Chrono Boost)  
  36  3:16  Probe (Chrono Boost)  
  37  3:26  Twilight Council  
  38  3:28  Probe (Chrono Boost)  
  38  3:34  Probe (Chrono Boost)  
  38  3:37  Forge  
  39  3:45  Probe  
  40  3:52  Stalker  
  42  3:57  Probe  
  43  4:04  Probe, Blink  
  43  4:09  Probe  
  45  4:11  Protoss Ground Weapons Level 1  
  45  4:16  Probe  
  46  4:21  Probe  
  47  4:28  Probe  
  48  4:35  Probe (Chrono Boost)  
  48  4:36  Nexus  
  48  4:38  Pylon  
  49  4:41  Probe (Chrono Boost)  
  49  4:45  Sentry  
  52  4:50  Probe x2 (Chrono Boost)  
  52  4:52  Robotics Facility  
  54  4:55  Probe (Chrono Boost)  
  54  4:57  Probe, Assimilator  
  56  5:07  Probe (Chrono Boost)  
  56  5:11  Gateway x2  
  56  5:12  Probe (Chrono Boost)  
  58  5:18  Probe (Chrono Boost)  
  60  5:21  Probe (Chrono Boost), Shield Battery  
  60  5:26  Probe (Chrono Boost)  
  60  5:27  Gateway  
  60  5:28  Gateway  
  62  5:30  Probe (Chrono Boost)  
  62  5:34  Probe (Chrono Boost), Stalker  
  65  5:40  Probe x2 (Chrono Boost)  
  65  5:41  Observer  
  68  5:48  Probe (Chrono Boost)  
  71  5:53  Probe x2 (Chrono Boost)  
  71  5:56  Stalker  
  74  5:58  Probe (Chrono Boost), Stalker  
  74  6:01  Probe (Chrono Boost)  
  74  6:02  Probe (Chrono Boost)  
  78  6:06  Charge (Chrono Boost)  
  78  6:07  Gateway x2  
  78  6:08  Probe  
  79  6:16  Pylon  
  79  6:17  Pylon, Stalker x2  
  83  6:22  Protoss Ground Weapons Level 2 (Chrono Boost)  
  83  6:23  Shield Battery  
  83  6:29  Zealot  
  84  6:33  Pylon  
  84  6:38  Templar Archives  
  84  6:39  Photon Cannon x2  
  82  6:42  Stalker  
  82  6:43  Stalker  
  86  6:47  Shield Battery  
  86  6:48  Stalker  
  86  6:53  Pylon  
  88  6:54  Stalker  
  88  6:56  Zealot  
  88  6:58  Stalker  
  94  7:02  Stalker  
  94  7:05  Adept  
  98  7:10  Adept x2  
  94  7:16  Zealot  
  94  7:20  Stalker x2  
  83  7:23  Zealot  
  83  7:25  Zealot x2  
  83  7:28  Probe x3  
  88  7:31  Zealot  
  88  7:34  Stalker  
  92  7:37  Zealot  
  92  7:40  Probe x2  
  94  7:44  Zealot x2  
  94  7:45  Zealot x2  
  94  7:50  Probe  
  97  7:52  Probe  
  97  7:57  Zealot x4  
  98  7:59  Stalker  
  88  8:08  Stalker x2  
  88  8:09  Stalker  
  88  8:12  Immortal (Chrono Boost)  
  90  8:17  Assimilator  
  90  8:18  Assimilator  
  94  8:28  Assimilator  
  94  8:30  Zealot x4, Sentry  
  104  8:35  Photon Cannon  
  104  8:38  Observer  
  104  8:40  Pylon  
  105  8:46  Zealot x2  
  109  8:49  Pylon  
  109  8:53  Nexus  
  109  8:54  Pylon  
  107  8:56  High Templar x2  
  107  8:58  Warp Prism (Chrono Boost)  
  107  9:02  Zealot x2  
  117  9:03  Archon  
  117  9:05  Stalker  
  117  9:06  Zealot  
  121  9:15  High Templar x2  
  125  9:17  Photon Cannon, Shield Battery  
  125  9:19  Archon  
  125  9:23  Zealot  
  125  9:24  Zealot  
  128  9:29  Gateway  
  128  9:30  Gateway  
  128  9:32  Zealot x2  
  132  9:51  High Templar x3  
  132  9:52  High Templar  
  140  9:56  Archon, Pylon  
  140  9:57  Archon  
  140  9:58  Pylon, Protoss Ground Weapons Level 3 (Chrono Boost)  
  140  10:04  Probe, Pylon  
  140  10:05  Probe x3, Pylon  
  140  10:13  Zealot x4  
  148  10:20  Immortal  
  152  10:26  Zealot x2  
  152  10:27  Zealot x4  
  160  10:33  Shield Battery  
  160  10:35  Photon Cannon  
  160  10:42  High Templar x2  
  160  10:45  Photon Cannon  
  160  10:48  Archon  
  164  10:50  Pylon  
  164  10:56  Stalker x3  
  164  10:57  Stalker x3  
  172  10:58  Immortal  
  174  11:10  Pylon  
  178  11:16  High Templar x2  
  182  11:18  Pylon  
  182  11:21  Archon, Zealot x4  
  182  11:22  Zealot x2  
  192  11:35  Zealot x2  
  196  11:44  Zealot x3  
  196  11:54  Zealot x3  
  196  12:08  Pylon, Assimilator  
  196  12:10  Assimilator  
  196  12:12  Stalker x2  
  162  12:30  Zealot x2  
  162  12:31  Zealot x6  
  168  12:39  Zealot x2  
Show
View Real Time Build Order
Export as new Build Order

DnS Protoss 

Build Orders: Blink Stalkers 

Get SALT Encoding   

  12  0:00  Probe  
  13  0:12  Probe  
  14  0:16  Pylon  
  14  0:24  Probe (Chrono Boost)  
  16  0:35  Gateway  
  16  0:36  Probe (Chrono Boost)  
  16  0:43  Probe (Chrono Boost)  
  16  0:46  Assimilator  
  17  0:51  Probe  
  17  0:56  Assimilator  
  18  1:03  Probe (Chrono Boost)  
  19  1:08  Gateway  
  19  1:13  Probe (Chrono Boost)  
  19  1:18  Probe (Chrono Boost)  
  20  1:23  Cybernetics Core  
  21  1:29  Probe  
  22  1:35  Pylon  
  22  1:41  Probe  
  23  1:53  Probe  
  24  2:00  Sentry, Stalker, Warp Gate  
  28  2:05  Probe  
  29  2:12  Pylon  
  29  2:23  Pylon  
  29  2:38  Probe  
  30  2:44  Nexus, Sentry  
  32  2:53  Sentry  
  32  2:55  Probe  
  32  2:56  Shield Battery  
  35  3:07  Probe  
  35  3:10  Pylon  
  36  3:15  Stalker  
  36  3:19  Probe (Chrono Boost)  
  39  3:25  Twilight Council  
  39  3:31  Probe (Chrono Boost)  
  40  3:38  Probe (Chrono Boost)  
  41  3:45  Forge  
  41  3:49  Probe (Chrono Boost)  
  42  3:58  Probe (Chrono Boost), Blink (Chrono Boost)  
  42  4:00  Probe (Chrono Boost)  
  44  4:05  Probe (Chrono Boost)  
  44  4:07  Probe (Chrono Boost)  
  46  4:10  Probe (Chrono Boost)  
  46  4:16  Probe  
  48  4:22  Stalker x2  
  52  4:28  Probe  
  52  4:29  Protoss Ground Weapons Level 1  
  53  4:31  Probe  
  53  4:34  Robotics Facility  
  54  4:45  Nexus  
  54  4:46  Probe  
  54  4:48  Probe  
  54  4:52  Pylon  
  56  5:09  Gateway  
  56  5:10  Probe x2, Gateway  
  58  5:17  Gateway  
  58  5:19  Gateway  
  59  5:21  Observer  
  59  5:23  Gateway  
  59  5:25  Gateway  
  59  5:32  Stalker  
  59  5:33  Stalker  
  59  5:35  Phoenix  
  63  5:39  Charge (Chrono Boost)  
  63  5:45  Warp Prism  
  67  5:55  Zealot  
  67  5:56  Zealot  
  69  5:59  Pylon  
  69  6:05  Zealot x2  
  69  6:09  Pylon  
  76  6:15  Zealot x2  
  77  6:19  Pylon  
  77  6:37  Zealot x4  
  77  6:38  Zealot x4  
  93  6:43  Pylon  
  93  6:57  Observer  
  93  6:58  Zealot x7  
  108  7:13  Stalker  
  98  7:18  Zealot x6  
  86  7:34  Stalker  
  79  7:40  Stalker x2  
  79  7:41  Stalker x3  
  89  7:49  Stalker x2  
  71  8:03  Stalker x2  
  71  8:04  Stalker x2  
  69  8:08  Protoss Ground Weapons Level 2 (Chrono Boost)  
  69  8:11  Stalker x2  
  67  8:23  Probe x3  
  70  8:27  Zealot x3  
  70  8:32  Zealot  
  70  8:33  Zealot  
  80  8:43  Zealot x2, Sentry  
  80  8:45  Probe  
  80  8:48  Zealot x2  
  91  8:49  Probe  
  91  8:51  Probe  
  93  8:58  Probe  
  93  9:00  Zealot x2, Assimilator  
  93  9:01  Zealot  
  100  9:09  Zealot x2  
  104  9:10  Zealot  
  104  9:13  Observer  
  104  9:15  Pylon  
  104  9:16  Colossus, Pylon  
  106  9:20  Assimilator  
  106  9:30  Zealot x4  
  114  9:33  Pylon  
  114  9:34  Pylon  
  114  9:51  Templar Archives  
  114  9:52  Stalker x4  
  118  9:55  Robotics Bay  
  120  10:00  Zealot x2  
  124  10:07  Zealot x2  
  128  10:15  Zealot x2  
  128  10:16  Zealot x2  
  136  10:24  Pylon  
  134  10:33  Stalker x4  
  142  10:35  Shield Battery  
  142  10:40  Disruptor (Chrono Boost)  
  142  10:46  Assimilator  
  145  10:51  Robotics Facility  
  145  11:06  Disruptor (Chrono Boost)  
  145  11:10  Assimilator  
  148  11:18  Sentry  
  148  11:19  Stalker x3  
  148  11:23  Nexus  
  156  11:27  Pylon  
  156  11:42  Disruptor x2 (Chrono Boost)  
  162  11:47  Pylon  
  162  11:50  Pylon  
  158  12:08  Stalker  
  148  12:11  Photon Cannon  
  148  12:14  Photon Cannon  
  154  12:17  Shield Battery  
  154  12:18  Stalker x2  
  111  12:36  Zealot x5  
Tags
 
Add a new tag
Caveats
  • Supply blocks, unpowered buildings, or Contaminate may cause inaccurate times.
  • Supply counts are checked every 10 seconds.